 Dungeon Crawl Stone Soup version 0.22-b1-59-g0aedee7 (webtiles) character file.

123 MTVSty1e the Chopper (level 4, -8/36 HPs)
             Began as a Draconian Gladiator on Aug 9, 2018.
             Mangled by Crazy Yiuf
             ... wielding a +3 quarterstaff of chaos
              (11 damage)
             ... on level 3 of the Dungeon.
             The game lasted 00:02:25 (2579 turns).

MTVSty1e the Chopper (Draconian Gladiator)          Turns: 2579, Time: 00:02:25

Health: -8/36      AC:  8    Str: 17    XL:     4   Next: 80%
Magic:  4/4        EV: 12    Int: 14    God:
Gold:   163        SH:  0    Dex: 12    Spells: 3/3 levels left

rFire    . . .     SeeInvis .   a - +0 war axe
rCold    . . .     Gourm    .   (no shield)
rNeg     . . .     Faith    .   (armour unavailable)
rPois    .         Spirit   .   b - +0 hat
rElec    .         Reflect  .   (no cloak)
rCorr    .         Harm     .   (no gloves)
MR       .....                  g - +2 pair of boots
Stlth    +.........             (no amulet)
HPRegen  0.12/turn              t - ring of wizardry
MPRegen  0.09/turn              (no ring)

@: brilliant, drained
A: unfitting armour, cold-blooded, AC +5
a: no special abilities


You were on level 3 of the Dungeon.
You were hungry.

You visited 1 branch of the dungeon, and saw 3 of its levels.

You collected 163 gold pieces.

Inventory:

Hand Weapons
 a - a +0 war axe (weapon)
Missiles
 c - 3 throwing nets (quivered)
Armour
 b - a +0 hat (worn)
 g - a +2 pair of boots (worn)
Jewellery
 t - a ring of wizardry (left hand)
Wands
 p - a wand of random effects (26)
 s - a wand of enslavement (8)
Scrolls
 e - 3 scrolls of identify {unknown}
 f - 2 scrolls of teleportation {unknown}
 h - 3 scrolls of amnesia {unknown}
 i - a scroll of fear {unknown}
 l - 2 scrolls of blinking {unknown}
 m - a scroll of remove curse {unknown}
 n - 2 scrolls of enchant armour {unknown}
 r - a scroll of random uselessness {unknown}
Potions
 j - a potion of curing
 o - a potion of flight {unknown}
 q - a potion of mutation {unknown}
Comestibles
 d - 6 rations


   Skills:
 - Level 2.1(1.8) Fighting
 + Level 5.6(5.2) Axes
 - Level 1.7(1.4) Throwing
 - Level 2.6(2.3) Dodging


You had 3 spell levels left.
You didn't know any spells.
Your spell library was empty.

Dungeon Overview and Level Annotations

Branches:
Dungeon (3/15)

Altars:
Fedhas
Hepliaklqana
Qazlal
Vehumet

Annotations:
D:2 exclusion: oklob plant
D:3 Crazy Yiuf


Innate Abilities, Weirdness & Mutations

Your plain brown scales are hard. (AC +5)
You cannot fit into any form of body armour.
You are cold-blooded and may be slowed by cold attacks.


Message History

* * * LOW HITPOINT WARNING * * *
You feel drained.
* * * LOW HITPOINT WARNING * * *
It was a potion of curing.
You feel better.
Crazy Yiuf hits you with a quarterstaff of chaos.
* * * LOW HITPOINT WARNING * * *
Crazy Yiuf burns you.
* * * LOW HITPOINT WARNING * * *
You barely miss Crazy Yiuf.
Your tail-slap misses Crazy Yiuf.
Crazy Yiuf is lightly wounded.
Crazy Yiuf misses you.
You hit Crazy Yiuf.
Crazy Yiuf is moderately wounded.
Crazy Yiuf hits you with a quarterstaff of chaos.
* * * LOW HITPOINT WARNING * * *
It was a potion of brilliance.
You feel clever all of a sudden.
Crazy Yiuf grits, "Mama return to song song!"
Crazy Yiuf hits you with a quarterstaff of chaos!
You die...

#.#####.........####.#
#.# ## #.#
##....)...####.###.###.
#.#
##..<.................
#.#
############.###...#.
#.# ..# #.#...
##.##♣♣♣♣♣ .## #..).#
#..+...♣.♣♣♣#####
##...#
#.......♣..♣#...# #....
#......♣♣♣♣.'@g.#
.#####.... ##.+..♣♣
♣♣#..)# ...........
####♣♣ #####
#.####...## #.# #....#
#.# #.#..## ## #
##.###......
###..#.###......#..##
#..............##..#
#.#..####.#..####..#


You could see Crazy Yiuf.

Vanquished Creatures
  4 adders
  2 worms (D:2)
  3 dart slugs
  3 leopard geckos
  2 orcs (D:3)
  8 bats
  3 giant cockroaches
  6 hobgoblins
  8 jackals
  8 kobolds
  2 ball pythons
  4 frilled lizards
  9 goblins
  6 rats
68 creatures vanquished.

Notes
Turn   | Place    | Note
-------+----------+-------------------------------------------
     0 | D:1      | MTVSty1e the Draconian Gladiator began the quest for the Orb.
     0 | D:1      | Reached XP level 1. HP: 17/17 MP: 1/1
    67 | D:1      | Reached XP level 2. HP: 22/24 MP: 2/2
   232 | D:1      | Reached skill level 4 in Axes
   571 | D:1      | Reached XP level 3. HP: 27/29 MP: 3/3
  1531 | D:2      | Reached XP level 4. HP: 31/36 MP: 4/4
  1653 | D:2      | Reached skill level 5 in Axes
  1752 | D:2      | Found a blossoming altar of Fedhas.
  1779 | D:2      | Noticed an oklob plant
  2255 | D:3      | Found a stormy altar of Qazlal.
  2432 | D:3      | Found a radiant altar of Vehumet.
  2433 | D:3      | Found a hazy altar of Hepliaklqana.
  2483 | D:3      | Found a faded altar of an unknown god.
  2543 | D:3      | Found a runed door.
  2571 | D:3      | Noticed Crazy Yiuf
  2579 | D:3      | Mangled by Crazy Yiuf

Skill      XL: |  1  2  3  4 |
---------------+-------------+-----
Axes           | 4 5 |  5.6
Fighting       | |  2.1
Throwing       | |  1.7
Dodging        | |  2.6

Action                   |  1- 3 |  4- 6 || total
-------------------------+-------+-------++-------
Melee: War axe           |   139 |    52 ||   191
       Tailslap          |    13 |     3 ||    16
  Use: Potion            |       |     2 ||     2
 Stab: Sleeping          |     1 |     3 ||     4
  Eat: Chunk             |     2 |     3 ||     5
Armor: Skin              |    55 |    14 ||    69
Dodge: Dodged            |   118 |    39 ||   157
